 Dungeon Crawl Stone Soup version 0.29-a0-283-ga02f740833 (webtiles) character file.

Game seed: 659946522980630875

11105 Gildeon the Severer (level 11, -6/82 (89) HPs)
             Began as a Minotaur Fighter on Mar 13, 2022.
             Was a Priest of Makhleb.
             Mangled by a bone dragon (23 damage)
             ... on level 1 of the Abyss.
             The game lasted 00:25:32 (13980 turns).

Gildeon the Severer (Minotaur Fighter)             Turns: 13980, Time: 00:25:32

HP:   -6/82 (89)    AC: 14    Str: 24    XL:     11   Next: 44%
MP:   13/13         EV: 10    Int:  5    God:    Makhleb [***...]
Gold: 522           SH:  9    Dex: 11    Spells: 9/10 levels left

rFire   + + .      SeeInvis .   J - +2 hand axe (vorpal)
rCold   x . .      Faith    .   G - +0 kite shield
rNeg    . . .      Spirit   .   q - +0 fire dragon scales
rPois   .          Reflect  .   (helmet restricted)
rElec   .          Harm     .   E - +0 cloak
rCorr   .          Rampage  .   v - +0 pair of gloves
Will    .....                   z - +0 pair of boots
Stlth   ..........              (no amulet)
HPRegen 0.23/turn               (no ring)
MPRegen 0.13/turn               (no ring)

@: studying Stealth, drained
A: horns 2, retaliatory headbutt
a: Renounce Religion, Minor Destruction, Lesser Servant of Makhleb


You were on level 1 of the Abyss.
You worshipped Makhleb.
Makhleb was most pleased with you.
You visited 2 branches of the dungeon, and saw 11 of its levels.
You visited the Abyss 1 time.
You also visited: Sewer and Bailey.

You collected 522 gold pieces.

Inventory:

Hand Weapons
 a - a +0 war axe
 e - a +0 morningstar
 o - the +7 mace "Hydrabane" {vamp, rElec rF++ Dex-4}
   (You found it on level 7 of the Dungeon)

   It occasionally heals its wielder for a portion of the damage dealt when it
   wounds a living foe.
   Dex:       It affects your dexterity (-4).
   rF:        It greatly protects you from fire.
   rElec:     It insulates you from electricity.
 D - a +0 broad axe
 J - a +2 vorpal hand axe (weapon)
Missiles
 m - 499 stones (quivered)
 A - 2 throwing nets
Armour
 j - a +0 chain mail
 q - +0 fire dragon scales (worn)
 t - a +0 plate armour
 v - a +0 pair of gloves (worn)
 z - a +0 pair of boots (worn)
 E - a +0 cloak (worn)
 G - a +0 kite shield (worn)
Wands
 d - a wand of iceblast (3)
 w - a wand of flame (7)
 F - a wand of polymorph (10)
 K - a wand of paralysis (6)
Scrolls
 c - 2 scrolls of fog
 f - 3 scrolls of fear
 g - 2 scrolls of amnesia {unknown}
 p - a scroll of torment {unknown}
 r - 3 scrolls of immolation
 s - 3 scrolls of enchant armour {unknown}
 u - 4 scrolls of enchant weapon {unknown}
 x - 2 scrolls of summoning {unknown}
 y - 5 scrolls of teleportation {unknown}
 B - 2 scrolls of noise {unknown}
 I - 3 scrolls of magic mapping {unknown}
Potions
 b - 4 potions of brilliance
 h - a potion of magic {unknown}
 i - a potion of curing {unknown}
 k - a potion of berserk rage {unknown}
 l - 7 potions of flight
 n - a potion of attraction {unknown}
 C - 2 potions of lignification {unknown}
 H - a potion of invisibility {unknown}


   Skills:
 + Level 6.2 Fighting
 - Level 16.0 Axes
 + Level 6.2 Armour
 + Level 6.1 Dodging
 + Level 6.3 Shields
 + Level 3.6 Earth Magic
 + Level 4.3 Invocations
 + Level 4.0 Evocations


You had 9 spell levels left.
You knew the following spells:

 Your Spells              Type           Power      Damage    Failure   Level
a - Sandblast             Erth           6%         2d5       65%         1

Your spell library contained the following spells:

 Spells                   Type           Power      Damage    Failure   Level
 Passwall                 Tmut/Erth      0%         N/A       96%         2
 Animate Skeleton         Necr           0%         N/A       98%         1
 Pain                     Necr           0%         1d4       98%         1
 Slow                     Hex            0%         N/A       98%         1
 Summon Small Mammal      Summ           0%         N/A       98%         1
 Corpse Rot               Necr/Air       0%         N/A       99%         2
 Poisonous Vapours        Pois/Air       0%         N/A       99%         2
 Stone Arrow              Conj/Erth      2%         3d7       99%         3
 Call Canine Familiar     Summ           0%         N/A       100%        3
 Confusing Touch          Hex            0%         N/A       100%        3
 Dazzling Flash           Conj/Hex       0%         N/A       100%        3
 Summon Guardian Golem    Hex/Summ       0%         N/A       100%        3
 Vampiric Draining        Necr           0%         2d6       100%        3
 Dispel Undead            Necr           0%         3d6       100%        4
 Agony                    Necr           0%         N/A       100%        5
 Silence                  Hex/Air        0%         N/A       100%        5
 Death Channel            Necr           0%         N/A       100%        6


Dungeon Overview and Level Annotations

Branches:
Dungeon (10/15)            Temple (1/1) D:6            Lair (0/6) D:10
  Sewer (visited)          Bailey (visited)
    Orc: D:9-12

Altars:
Ashenzari
Cheibriados
Dithmenos
Elyvilon
Fedhas
Gozag
Hepliaklqana
Kikubaaqudgha
Makhleb
Nemelex Xobeh
Okawaru
Qazlal
Ru
Sif Muna
Trog
Uskayaw
Vehumet
Wu Jian
Xom
Yredelemnul
Zin
The Shining One

Shops:
D:3 (   D:7 [

Annotations:
D:9 Erolcha
D:10 1 runed translucent door, earlgrey's ghost, journeyman TrHu


Innate Abilities, Weirdness & Mutations

You have a pair of horns on your head.
You reflexively headbutt those who attack you in melee.


Message History

This branch contains the abyssal rune of Zot.
Reactivating autopickup.
Unknown command.
There is an empty arch of ancient stone here.
A white imp comes into view.
The white imp shouts!
The white imp gestures at you.
The puff of frost hits you but does no damage.
The white imp gestures at you. You block the puff of frost.
A bone dragon comes into view.
You block the white imp's attack.
You slash the white imp!
The white imp is almost dead.
You hit the white imp but do no damage. You headbutt the white imp.
You kill the white imp!
That felt strangely unrewarding.
You hit the bone dragon but do no damage.
You headbutt the bone dragon, but do no damage.
The bone dragon completely misses you. The bone dragon misses you.
The bone dragon tramples you.
You stumble backwards!
You hit the bone dragon.
You headbutt the bone dragon, but do no damage.
The bone dragon is lightly damaged.
The bone dragon bites you! The bone dragon misses you.
The bone dragon tramples you!
You hold your ground!
You hit the bone dragon but do no damage.
The bone dragon is lightly damaged.
You hit the bone dragon but do no damage.
You headbutt the bone dragon, but do no damage.
The bone dragon is lightly damaged.
The bone dragon bites you!! The bone dragon claws you!
The bone dragon tramples you!
* * * LOW HITPOINT WARNING * * *
You hold your ground!
You hit the bone dragon.
You headbutt the bone dragon, but do no damage.
The bone dragon is lightly damaged.
The bone dragon bites you!!
You die...

.# ##.#..#
. ##.. #
#..# #....
### #... #
##. # #
...#....##
#.#.#....#
### ###..#
##..#.#
#...#.# #
..#@.#
.....#D##
........#
..#.##.#.
#.## ## #.
.# . ## ..


You could see a bone dragon.

Vanquished Creatures
  Harold (D:10)
  2 vault guards (Bailey)
  A centaur warrior (D:10)
  A manticore (D:6)
  Joseph (D:10)
  A troll (D:10)
  A hornet (D:7)
  Prince Ribbit (Bailey)
  A vampire (D:6)
  2 shadows (D:10)
  8 yaks
  6 humans (Bailey)
  2 wraiths
  Grum (D:10)
  Duvessa (D:7)
  4 sky beasts
  2 orc warriors
  A black bear (D:4)
  An ice beast (D:8)
  3 wolves (D:10)
  2 ogres
  A centaur (D:9)
  5 kobold brigands
  9 bullfrogs
  3 necrophages
  2 gnoll sergeants
  A scorpion (D:4)
  Dowan (D:7)
  12 wights
  8 killer bees
  A howler monkey (D:9)
  5 orc priests
  3 hounds
  2 jellies (D:6)
  A gnoll shaman (D:6)
  Crazy Yiuf (D:7)
  2 iguanas
  3 orc wizards
  A hound skeleton (D:5)
  15 gnolls
  8 adders
  4 river rats
  A shadow imp (D:7)
  A white imp (Abyss:1)
  An ufetubus (D:3)
  2 worms
  A dart slug (D:1)
  22 orcs
  9 ball pythons
  3 endoplasms
  7 giant cockroaches
  14 goblins
  4 hobgoblins
  6 jackals
  4 quokkas
  5 bats
  4 frilled lizards
  30 kobolds
  6 rats
251 creatures vanquished.

Vanquished Creatures (others)
  2 fungi (D:7)
  20 plants (D:2)
22 creatures vanquished.

Grand Total: 273 creatures vanquished

Notes
Turn   | Place    | Note
-------+----------+-------------------------------------------
     0 | D:1      | Gildeon the Minotaur Fighter began the quest for the Orb.
     0 | D:1      | Reached XP level 1. HP: 19/19 MP: 0/0
   263 | D:1      | Reached skill level 3 in Axes
   559 | D:1      | Reached XP level 2. HP: 23/26 MP: 1/1
  1014 | D:1      | Reached skill level 4 in Axes
  1264 | D:2      | Reached XP level 3. HP: 31/31 MP: 2/2
  1681 | D:2      | Found a white marble altar of Elyvilon.
  1744 | D:2      | Reached skill level 5 in Axes
  1800 | D:2      | Found a faded altar of an unknown god.
  1811 | D:2      | Learned a level 1 spell: Sandblast
  2150 | D:2      | Reached XP level 4. HP: 38/39 MP: 3/3
  2685 | D:3      | You fall into a shaft and drop 1 floor!
  3228 | D:3      | Found a hide-covered altar of Uskayaw.
  3231 | D:3      | Identified the +9 whip "Hydra's Death Toll" {drain, rC++}
  3364 | D:3      | Reached skill level 6 in Axes
  3364 | D:3      | Reached XP level 5. HP: 37/45 MP: 4/4
  3628 | D:3      | Found Settiotuu's Antique Weapon Emporium.
  3946 | D:3      | Found a shimmering altar of Xom.
  4110 | D:4      | Reached skill level 7 in Axes
  4228 | D:4      | Noticed an ogre
  4240 | D:4      | Killed an ogre
  4241 | D:4      | Reached XP level 6. HP: 41/51 MP: 5/5
  4436 | D:4      | Reached skill level 8 in Axes
  4615 | D:4      | Reached skill level 9 in Axes
  4663 | D:4      | Noticed an orc warrior
  4671 | D:4      | Killed an orc warrior
  4672 | D:4      | Reached XP level 7. HP: 55/57 MP: 6/6
  4847 | D:5      | Entered Level 5 of the Dungeon
  5157 | D:5      | Reached skill level 10 in Axes
  5441 | D:5      | Found a burning altar of Makhleb.
  5477 | D:5      | Became a worshipper of Makhleb the Destroyer
  6126 | D:6      | Reached skill level 11 in Axes
  6369 | D:6      | Found a staircase to the Ecumenical Temple.
  6422 | D:6      | Reached XP level 8. HP: 52/64 MP: 7/7
  6591 | D:6      | Found a glowing drain.
  6615 | Sewer    | Entered a sewer
  6622 | Sewer    | Reached skill level 12 in Axes
  6747 | Sewer    | Found a white marble altar of Elyvilon.
  6831 | D:6      | Noticed a manticore
  6849 | D:6      | HP: 3/64 [manticore (6)]
  6850 | D:6      | Killed a manticore
  6851 | D:6      | Reached skill level 13 in Axes
  7186 | D:6      | Found a snail-covered altar of Cheibriados.
  7383 | D:6      | Found an ornate altar of the Wu Jian Council.
  7576 | Temple   | Entered the Ecumenical Temple
  7821 | D:7      | Noticed a hornet
  7828 | D:7      | Paralysed by a hornet for 2 turns
  7831 | D:7      | Killed a hornet
  7832 | D:7      | Reached skill level 14 in Axes
  7832 | D:7      | Reached XP level 9. HP: 40/70 MP: 8/8
  8049 | D:7      | Found Zeunoss's Antique Armour Emporium.
  8133 | D:7      | Noticed Dowan
  8134 | D:7      | Noticed Duvessa
  8162 | D:7      | Killed Duvessa
  8166 | D:7      | Killed Dowan
  8262 | D:7      | Reached * piety under Makhleb
  8666 | D:7      | Reached skill level 15 in Axes
  9073 | D:7      | Found a sacrificial altar of Ru.
  9306 | D:7      | Found a runed translucent door.
  9307 | D:7      | Noticed Crazy Yiuf
  9308 | D:7      | Identified the +7 mace "Hydrabane" {vamp, rElec rF++ Dex-4}
  9314 | D:7      | Killed Crazy Yiuf
  9459 | D:8      | Reached skill level 1 in Dodging
  9784 | D:8      | Reached ** piety under Makhleb
  9946 | D:8      | Reached XP level 10. HP: 64/80 MP: 9/9
 10306 | D:8      | Reached skill level 5 in Fighting
 10306 | D:8      | Reached skill level 5 in Shields
 10309 | D:8      | Reached skill level 16 in Axes
 10309 | D:8      | Reached skill level 5 in Armour
 10320 | D:8      | Found a white marble altar of Elyvilon.
 10764 | D:9      | Noticed a two-headed ogre
 10789 | D:9      | Reached skill level 1 in Invocations
 10789 | D:9      | Reached skill level 1 in Evocations
 10791 | D:10     | Entered Level 10 of the Dungeon
 10830 | D:10     | Found a shadowy altar of Dithmenos.
 10859 | D:10     | Reached skill level 1 in Earth Magic
 11120 | D:10     | Found a flagged portal.
 11131 | Bailey   | Entered a bailey
 11189 | Bailey   | Reached *** piety under Makhleb
 11500 | Bailey   | Reached skill level 5 in Dodging
 11560 | Bailey   | Noticed Prince Ribbit
 11560 | Bailey   | Noticed a vault guard
 11579 | Bailey   | Killed a vault guard
 11582 | Bailey   | Killed Prince Ribbit
 11771 | Bailey   | Noticed a vault guard
 11796 | Bailey   | HP: 3/81 [vault guard/+0 broad axe (16)]
 11797 | Bailey   | Killed a vault guard
 11798 | Bailey   | Reached XP level 11. HP: 15/88 MP: 12/12
 12120 | D:10     | Noticed Harold
 12151 | D:10     | Killed Harold
 12513 | D:10     | Noticed Grum
 12522 | D:10     | Killed Grum
 12801 | D:10     | Found a staircase to the Lair.
 12826 | D:10     | Noticed a centaur warrior
 12842 | D:10     | Killed a centaur warrior
 13014 | D:10     | Found a runed translucent door.
 13014 | D:10     | Noticed earlgrey's ghost (journeyman TrHu)
 13571 | D:10     | Found a hazy altar of Hepliaklqana.
 13571 | D:10     | Noticed Joseph
 13601 | D:10     | Killed Joseph
 13913 | D:9      | Noticed Erolcha
 13915 | D:9      | Cast into level 1 of the Abyss (Erolcha)
 13973 | Abyss:1  | Noticed a bone dragon
 13980 | Abyss:1  | Mangled by a bone dragon

Illustrated notes

Levels and vault maps discovered:
D:1:      grunt_arrival_crossed_arrows, layout_basic, serial_forest,
          infiniplex_forest_clump_small, infiniplex_forest_clump_diagonal,
          infiniplex_forest_3_way, infiniplex_forest_end_1,
          infiniplex_forest_end_1, bh_walls_and_bars
D:2:      layout_loops_corners, dreamdust_ecumenical_altar_angels_and_demons,
          basic_altar, serial_bayou, serial_bayou_pond_d, serial_bayou_ford_a,
          serial_bayou_pond_b, serial_bayou_pond_c, serial_bayou_shore_b,
          serial_bayou_crossing
D:3:      layout_loops_ring, mainiacjoe_overflow_swirl, serial_shops,
          shop_statue, grunt_ministairs_6, grunt_decor_resistance,
          minmay_misc_feat_enclosed
D:4:      layout_rooms, minmay_manual_macuahuitl
D:5:      layout_basic, makhleb_blood_cavern_becter
D:6:      layout_cave_pools, slow_altar_2, nicolae_wu_jian_glorious_leap,
          minmay_temple_entry_drinking_statues, portal_sewer_entry_b
D:7:      layout_rooms, mainiacjoe_overflow_chevrons, serial_shops,
          nicolae_shop_statue_plus, serial_corexii_hall, corexii_hall_statues_i,
          chequers_hall_statues_corner_a, chequers_hall_statues_wall_a,
          chequers_hall_statues_y, uniq_crazy_yiuf_cottage, uniq_duvessa
D:8:      layout_rooms, mainiacjoe_overflow_tiny_flanked, serial_bayou_pond_d
D:9:      layout_loops_cross, hellmonk_ghost_happy_afterlife,
          minmay_misc_feat_rows, uniq_maggie, uniq_erolcha
D:10:     minmay_evil_eye, layout_irregular_city,
          riverfiend_overflow_shadow_ancestor, lair_entry_dummy, enter_bailey_7,
          ebering_ghost_inner_flame, uniq_grum, uniq_joseph, uniq_harold
Temple:   nicolae_temple_figure_eight
Abyss:1:  base:
D:10

Skill      XL: |  1  2  3  4  5  6  7  8  9 10 11 |
---------------+----------------------------------+-----
Axes           | 3 4 5 6 7 9 11 14 15 16 | 16.0
Dodging        | 2 5 6 |  6.1
Fighting       | 4 5 6 |  6.2
Armour         | 4 5 6 |  6.2
Shields        | 4 5 6 |  6.3
Invocations    | 3 4 |  4.3
Evocations     | 3 4 |  4.0
Earth Magic    | 3 |  3.6

Action                   |  1- 3 |  4- 6 |  7- 9 | 10-12 || total
-------------------------+-------+-------+-------+-------++-------
Melee: War axe           |    83 |    94 |   287 |   126 ||   590
       Headbutt          |     4 |    13 |    54 |    67 ||   138
       Hand axe          |       |       |       |   187 ||   187
Evoke: Wand              |       |       |     4 |     4 ||     8
  Use: Scroll            |       |     4 |     1 |       ||     5
       Potion            |       |       |     5 |     2 ||     7
Armor: Scale mail        |    27 |       |       |       ||    27
       Chain mail        |    12 |    24 |       |       ||    36
       Fire dragon scale |       |    30 |    97 |    94 ||   221
Dodge: Dodged            |    38 |    45 |   122 |    88 ||   293
Block: Buckler           |    16 |    24 |    45 |     2 ||    87
       Kite shield       |       |       |       |   134 ||   134

Table legend: (Time is in decaauts)
 A = Elapsed time spent in this place.
 B = Non-inter-level travel time spent in this place.
 C = Inter-level travel time spent in this place.
 D = Time resting spent in this place.
 E = Time spent auto-exploring this place.
 F = Levels seen in this place.
 G = Mean time per level.
                   A        B        C        D        E       F      G
               +--------+--------+--------+--------+--------+-----+--------+
         Total |  13974 |  13659 |    315 |    282 |  11361 |  14 |  998.1 |
       Dungeon |  12842 |  12539 |    303 |    282 |  10519 |  10 | 1284.2 |
        Temple |    219 |    207 |     12 |      0 |    205 |   1 |  219.0 |
         Abyss |     63 |     63 |      0 |      0 |     51 |   1 |   63.0 |
         Sewer |    195 |    195 |      0 |      0 |    136 |   1 |  195.0 |
        Bailey |    652 |    652 |      0 |      0 |    450 |   1 |  652.0 |
               +--------+--------+--------+--------+--------+-----+--------+

Top non-repeatable levels by time:
    D:10: 2399 daAuts
     D:7: 1587 daAuts
     D:1: 1392 daAuts
     D:2: 1338 daAuts
     D:6: 1314 daAuts
     D:5: 1256 daAuts
     D:8: 1240 daAuts
     D:3: 1121 daAuts
     D:4: 1061 daAuts
  Bailey: 652 daAuts
  Temple: 219 daAuts
   Sewer: 195 daAuts
     D:9: 129 daAuts
 Abyss:1: 63 daAuts
